[Event "Silves Open 2025"]
[Site "Fissul"]
[Date "2025.03.03"]
[Round "2.15"]
[White "Monteiro, Paulo Alexandre G"]
[Black "Santos, Jose P"]
[Result "1/2-1/2"]
[Annotator "TA"]
[ECO "D55"]
[WhiteElo "2221"]
[BlackElo "2273"]
[PlyCount "61"]
[EventDate "2025.03.03"]
[EventType "swiss"]
[EventCountry "POR"]
[SourceTitle "playchess.com"]
[Source "ChessBase"]
[SourceQuality "1"]
[TimeControl "5400+30"]

1. d4 d5 2. c4 e6 3. Nc3 Nf6 4. Bg5 Be7 5. e3 O-O 6. Nf3 h6 7. Bxf6 Bxf6 8. Qd2 dxc4 $1 {[%emt 0:00:30][%mdl 4] outshines the older 8...b6.} 9. Bxc4 c5 {[%emt 0:00:30] D55: Queen's Gambit Declined: 4 Bg5 Be7: Lines without ...h6 and 6...h6 7 Bxf6.} 10. O-O cxd4 11. exd4 Bd7 12. d5 $146 (12. Ne4 Bc6 13. Nxf6+ Qxf6 14. Ne5 Rd8 15. Rfe1 Bd5 16. Bxd5 Rxd5 17. Qb4 Nd7 18. Qxb7 {1-0 Gabriel,C (2510)-Marciano,D (2495) Makarska 1996 (3)}) 12... Bxc3 13. Qxc3 exd5 14. Bxd5 Bc6 15. Bb3 Bxf3 16. Qxf3 Nc6 17. Rad1 Qc7 18. Bd5 Qe5 19. Rfe1 {[%emt 0:00:30] White has strong rooks and is better} Qxb2 20. Rb1 $1 Qd2 21. Red1 $1 Qg5 22. Rxb7 Ne5 23. Qe4 {[%emt 0:00:30] aiming for f4.} Rae8 (23... Rac8 $142) 24. f4 $16 {[%emt 0:00:30] White has more active pieces.} Qh5 (24... Qg4 $16 25. Rc1 (25. fxe5 $2 Qxd1+ 26. Kf2 Qa1 $19) 25... Nd7) 25. Qa4 $1 $18 Qh4 {[%emt 0:00:30][%cal Oe5f3] [#] ( -> ...Nf3+!)} 26. h3 $2 {[%emt 0:00:30] Black is weak on the light squares} (26. Qxa7 $2 Ng4 (26... Qxf4 27. Qd4 $14) 27. Rbb1 Qxh2+ (27... Nxh2 28. Qf2 $17) 28. Kf1 Qxf4+ (28... Re3 $2 29. Qxe3 Nxe3+ 30. Kf2 $19) 29. Bf3 Nh2+ 30. Kf2 Nxf3 $19) (26. Rxa7 Nf3+ (26... Nd3 $2 27. g3 $18) 27. gxf3 Re2 28. Bxf7+ Kh8 (28... Rxf7 29. Ra8+ Kh7 30. Rh8+ Kxh8 31. Rd8+ Qxd8 32. Kf1 Qd2 33. Qa8+ Kh7 34. Qe4+ Rxe4 35. fxe4 Rb7 36. h4 Rb1#) 29. Bg6 Qxh2+ 30. Kf1 Qg2#) (26. g3 $1 $18 {[%cal Rg3h4] is the precise move to win.} Qg4 27. Qb3 (27. Rxa7 Nf3+ 28. Bxf3 Qxf3 $15)) 26... Rd8 {[%emt 0:00:30][%cal Od8d5] [#] White must now prevent ...Rxd5!.} 27. Qe4 (27. Qxa7 Rxd5 (27... Qxf4 28. Rb3 $11) 28. Rxd5 Nf3+ (28... Qxf4 $2 29. Qf2 $18) 29. gxf3 Qg3+ (29... Qxf4 $2 30. Kg2 $18) 30. Kh1 Qxh3+ (30... Qxf4 $2 31. Kg2 $18) (30... Qxf3+ 31. Kg1 $17) 31. Kg1 Qg3+ (31... Qxf3 32. Rdd7 $16) 32. Kh1 Qxf3+ (32... Qxf4 $2 33. Kg2 $18) 33. Kg1 Qxd5 $17) (27. Qd4 $142 $1 Nd7 28. Qxa7 (28. Rxa7 Nf6 $11) (28. Bb3 Nc5 $16)) 27... Ng6 $16 28. Rf1 ({Don't play} 28. Qxg6 Rxd5 (28... Qxf4 $2 29. Rxf7 Qxf7 30. Bxf7+ $18) 29. Qc2 Rxd1+ 30. Qxd1 Qxf4 $17) (28. Rxa7 $5 Nxf4 29. Rxf7 (29. Bxf7+ Kh8 $14) 29... Rxd5 (29... Rxf7 30. Bxf7+ Kxf7 31. Qc4+ Kf8 32. Rxd8+ Qxd8 33. Qxf4+ Kg8 34. Qc4+ Kh8 35. Qe2 $11) 30. Rxf8+ Kxf8 31. Rf1 $14 (31. Rxd5 $2 Nxh3+ 32. gxh3 Qxe4 $19)) 28... Qf6 {[%emt 0:00:30] Against f5} 29. Kh1 (29. Rxa7 $2 {too greedy.} Qb6+ 30. Kh1 Qxa7 $19) 29... a6 30. g3 {[%emt 0:00:30] [#]} Ne7 $1 31. Qxe7 {[%emt 0:00:30] Weighted Error Value: White=0.33/Black=0.29 (precise)   Loses game:     	---       	Black=1      Missed win:     	White=1     	---        Mistake:       	White=1     	Black=1      Inaccurate:     	White=2     	Black=5      OK:         	White=6     	Black=11     Best:        	White=1     	---        Strong:       	White=3     	---} (31. Rxe7 Rxd5) 1/2-1/2

[Event "Silves Open 2025"]
[Site "Fissul"]
[Date "2025.03.03"]
[Round "2.17"]
[White "Milat, Marcel"]
[Black "Albuquerque, Eduardo Ferreira"]
[Result "1-0"]
[Annotator "TA"]
[ECO "A14"]
[WhiteElo "2190"]
[BlackElo "1897"]
[PlyCount "73"]
[EventDate "2025.03.03"]
[EventType "swiss"]
[EventCountry "POR"]
[SourceTitle "playchess.com"]
[Source "ChessBase"]
[SourceQuality "1"]
[TimeControl "5400+30"]

1. Nf3 Nf6 2. c4 e6 3. g3 d5 4. Bg2 Be7 5. O-O O-O 6. b3 c5 7. Bb2 Nc6 8. cxd5 Nxd5 9. d4 cxd4 10. Nxd4 Bf6 11. Na3 {[%emt 0:00:30] A14: English Opening: 1...e6 with b3 by White.} (11. Nxc6 $16 bxc6 12. Qc2) 11... Bxd4 $146 (11... Bd7 12. Nc4 Nxd4 13. Bxd4 Bc6 14. Ne5 Rc8 15. Rc1 Bxe5 16. Bxe5 Qa5 17. Ba1 Qxa2 18. e4 Ne7 19. Qg4 e5 20. Bxe5 Ng6 21. Bd6 {½-½ Grischuk,A (2761)-Karjakin,S (2781) Paris GCT Blitz 2017 (16)}) 12. Bxd4 Qe7 {[%emt 0:00:30] Dodges Bc5} 13. Bb2 {[%emt 0:00:30][%cal Od1c1] White has an edge.} Rd8 14. Qc1 {[%emt 0:00:30] Prevents Ne3} e5 15. Rd1 (15. Nc4 $5) 15... Be6 16. Nc4 Rac8 17. Qb1 Qc7 18. Qe4 f6 19. Rac1 Qb8 20. Qh4 Nde7 21. Be4 {[%emt 0:00:30] This pair of bishops is nice.} Nf5 (21... Ng6 $11 22. Qh5 Rxd1+ 23. Rxd1 Rd8) 22. Qh3 $1 $14 g6 {[%emt 0:00:30] [#]} 23. e3 ({White should try} 23. Bxf5 $1 $16 Bxf5 24. Qh4) 23... Rxd1+ 24. Rxd1 b5 25. g4 Nfe7 26. Nd2 $36 {[%emt 0:00:30][%cal Bc4d2,Bd2e4,Be4f6][%mdl 2080] Black is under pressure.} Rd8 27. Qf3 Bd5 (27... Qc8 $11 28. h3 (28. Qxf6 Bxb3 29. Rc1 Qxg4+ 30. Bg2 Rf8 $17) 28... f5) 28. Bxd5+ $16 (28. Qxf6 $2 Bxe4 29. Qe6+ Kg7 30. Nxe4 Rxd1+ $19) 28... Nxd5 ({Black should try} 28... Rxd5 29. Ne4 (29. Qxf6 Qd8 $16) 29... Rxd1+ 30. Qxd1 Kg7) 29. Ne4 Nce7 30. h3 {[%emt 0:00:30] White has more active pieces.} (30. Nxf6+ $6 Nxf6 31. Rxd8+ Qxd8 $11) 30... Qb6 {[%emt 0:00:30][%mdl 8192] [#] Loses the game.} (30... Rf8 $16 {is more resistant.} 31. Nc5 Qd6) 31. Nxf6+ $1 $18 {[%emt 0:00:30][%mdl 512] White is clearly winning.} Nxf6 32. Rxd8+ ({Stronger than} 32. Bxe5 Rxd1+ 33. Qxd1 Ne4 $17) 32... Qxd8 33. Qxf6 {[%emt 0:00:30] KQB-KQN. White is a pawn up.} Qd1+ 34. Kh2 Nd5 (34... Qd2 $142 35. Bxe5 (35. Qxe5 Qxf2+ 36. Kh1 Qf1+ 37. Kh2 Qf2+ 38. Kh1 Qf1+ 39. Kh2 Qf2+ $11) 35... Nf5 36. Qh8+ (36. gxf5 Qxf2+ 37. Kh1 Qf1+ 38. Kh2 Qf2+ 39. Kh1 Qf1+ 40. Kh2 Qf2+ $11) 36... Kf7 37. Qxh7+ (37. gxf5 Qxf2+ 38. Kh1 Qf1+ 39. Kh2 Qf2+ 40. Kh1 Qf1+ 41. Kh2 Qf2+ $11) 37... Kf8 38. Qh8+ (38. gxf5 Qxf2+ 39. Kh1 Qf1+ 40. Kh2 Qf2+ 41. Kh1 Qf1+ 42. Kh2 Qf2+ $11) 38... Ke7 39. Qf6+ (39. gxf5 Qxf2+ 40. Kh1 Qf1+ 41. Kh2 Qf2+ 42. Kh1 Qf1+ 43. Kh2 Qf2+ $11) 39... Kd7) 35. Qe6+ Kf8 36. Bxe5 {[%emt 0:00:30] White wants to mate with Bd6+.} Qf3 37. Bg3 {[%emt 0:00:30] Weighted Error Value: White=0.34/Black=0.48  Loses game:     	---       	Black=1      Mistake:       	White=1     	Black=4      Inaccurate:     	White=1     	Black=2      OK:         	White=9     	Black=7      Best:        	White=1     	Black=3      Strong:       	White=1     	---        Brilliant:      	White=1     	---} 1-0

[Event "Silves Open 2025"]
[Site "Fissul"]
[Date "2025.03.03"]
[Round "2.19"]
[White "Dias, Ivo Rodrigues"]
[Black "Jeremias, Damaim"]
[Result "1-0"]
[Annotator "TA"]
[ECO "B40"]
[WhiteElo "2097"]
[BlackElo "1690"]
[PlyCount "47"]
[EventDate "2025.03.03"]
[EventType "swiss"]
[EventCountry "POR"]
[SourceTitle "playchess.com"]
[Source "ChessBase"]
[SourceQuality "1"]
[TimeControl "5400+30"]

1. e4 c5 2. Nf3 e6 3. g3 g6 4. Bg2 Bg7 5. d4 cxd4 6. Nxd4 {[%emt 0:00:30] B40: Sicilian: 2...e6, Unusual lines.} Ne7 7. Nc3 O-O 8. O-O {[%emt 0:00:30] White is slightly better.} Nbc6 9. Ndb5 a6 (9... d5 $1 $11 {remains equal.}) 10. Nd6 $16 Qc7 11. Be3 {[%emt 0:00:30] Prevents Nd4.} Be5 $146 (11... b5 12. f4 b4 13. Na4 Rb8 14. Rb1 a5 15. Nc5 Rd8 16. e5 Nf5 17. Bf2 Nfe7 {1-0 Franco Valencia,B (2155)-Castrillon Gomez,M (2027) COL-ch sf (Women) 2009 (2.1)}) 12. Nc4 $36 {[%emt 0:00:30][%mdl 2048] White has strong initiative. White is more active.} Bg7 (12... b5 $16) 13. Bb6 $18 Qb8 14. f4 (14. Qd6 $18) 14... f5 $2 {[%emt 0:00:30] [#] Black cannot hold the game after this.} (14... d5 $16) 15. e5 Nd8 {[%emt 0:00:30] Black is weak on the dark squares} 16. Na4 Nf7 17. Nc5 Nd5 $2 (17... g5 {was called for.} 18. Qd3 (18. Nxd7 Bxd7 19. Qxd7 Qc8 $18) 18... gxf4 19. gxf4 Ng6) 18. Bxd5 {[%emt 0:00:30] White is clearly winning.} exd5 19. Qxd5 Re8 20. Nd6 {[%emt 0:00:30] Excellent horsemanship.} Rf8 21. a4 h5 22. a5 Bh6 {[%emt 0:00:30] [#]} 23. Bd8 $1 b5 (23... Qxd6 24. exd6) 24. axb6 {[%emt 0:00:30] Weighted Error Value: White=0.06 (flawless) /Black=1.26  Loses game:     	---       	Black=1      Mistake:       	White=1     	Black=3      Inaccurate:     	White=1     	Black=1      OK:         	White=5     	Black=8      Best:        	White=3     	---} 1-0

[Event "Silves Open 2025"]
[Site "Fissul"]
[Date "2025.03.03"]
[Round "2.20"]
[White "Sousa, Carlos Fantasia"]
[Black "Nguyen, Anh Khoi"]
[Result "0-1"]
[Annotator "TA"]
[ECO "B28"]
[WhiteElo "1752"]
[BlackElo "2520"]
[PlyCount "96"]
[EventDate "2025.03.03"]
[EventType "swiss"]
[EventCountry "POR"]
[SourceTitle "playchess.com"]
[Source "ChessBase"]
[SourceQuality "1"]
[TimeControl "5400+30"]

1. e4 c5 2. Nf3 a6 3. d4 cxd4 4. Nxd4 Nf6 5. Nc3 e5 6. Nb3 Bb4 7. f3 {[%emt 0:00:30] B28: Sicilian: 2 Nf3 a6 (O'Kelly Variation).} d5 8. exd5 Nxd5 9. Qd3 (9. a3 $11 Bxc3+ 10. bxc3) 9... Nxc3 10. Qxd8+ Kxd8 11. a3 Nd5+ 12. axb4 Nxb4 13. Bg5+ $146 (13. Bd3 Nxd3+ 14. cxd3 Nc6 15. O-O Kc7 16. f4 Nd4 17. Nxd4 exd4 18. f5 Rd8 19. Bf4+ {0-1 Marcin,M (2016)-Konak,J (2150) SVK-chT2D 0506 2005 (2.3)}) 13... f6 14. O-O-O+ Kc7 15. Be3 Be6 16. Nc5 Bf7 17. Na4 (17. Rd2 $11) 17... Nd7 $15 18. Rxd7+ Kxd7 $17 19. Nb6+ Kc7 {[%emt 0:00:30] [#]} 20. Nxa8+ Rxa8 21. c3 Nc6 22. Be2 Na5 23. Rd1 (23. f4 $142) 23... Bc4 24. Bxc4 Nxc4 {[%emt 0:00:30][%mdl 4096] Endgame KRB-KRN. Black is a pawn up.} 25. Bf2 Rd8 26. Rxd8 Kxd8 {[%emt 0:00:30] KB-KN. Black is a pawn up.} 27. Kc2 b5 28. b3 Nd6 29. g4 (29. Bc5 $17 Kd7 30. Kd3) 29... Kd7 30. Kd3 Kc6 31. h4 Kd5 32. Bb6 g6 33. Bd8 f5 34. h5 Nb7 35. hxg6 $2 (35. c4+ Kd6 36. Bb6) 35... hxg6 (35... Nxd8 $2 {perishes.} 36. g7 fxg4 37. g8=Q+ $18 (37. g8=R Ne6 $18)) 36. Bh4 (36. c4+ Kd6 37. Bb6) 36... Nc5+ $19 37. Kc2 e4 38. gxf5 gxf5 (38... exf3 39. fxg6 Ne6 40. b4 $11) 39. fxe4+ Kxe4 40. c4 b4 {[%emt 0:00:30] [#]} 41. Be7 Nd3 42. Kd2 f4 43. c5 Ne5 {[%emt 0:00:30] aiming for ...Nc6.} 44. Bd8 Nc6 45. Bc7 Nd4 {[%emt 0:00:30] Black mates.} 46. Bxf4 Kxf4 47. Kd3 Nc6 48. Kc4 Ke5 {[%emt 0:00:30] Weighted Error Value: White=0.75/Black=0.13 (very precise)   Missed win:     	---       	Black=1      Mistake:       	White=7     	---        Inaccurate:     	---       	Black=3      OK:         	White=13    	Black=8      Best:        	White=3     	Black=1} 0-1

[Event "Silves Open 2025"]
[Site "Fissul"]
[Date "2025.03.03"]
[Round "2.21"]
[White "Nguyen, Tri Khoi"]
[Black "Paiva, Manuel Maria Fonseca"]
[Result "0-1"]
[Annotator "TA"]
[ECO "E06"]
[WhiteElo "1630"]
[BlackElo "1904"]
[PlyCount "80"]
[EventDate "2025.03.03"]
[EventType "swiss"]
[EventCountry "POR"]
[SourceTitle "playchess.com"]
[Source "ChessBase"]
[SourceQuality "1"]
[TimeControl "5400+30"]

1. d4 d5 2. c4 e6 3. Nf3 Nf6 4. g3 Bb4+ 5. Bd2 Be7 6. Bg2 O-O 7. O-O Nbd7 8. Qc2 c6 9. Bf4 b6 10. Nc3 {[%emt 0:04:50] 10.Nbd2 is setting a new trend.} Bb7 {[%emt 0:01:02] has lost popularity (10...dxc4).} 11. Rfe1 {[%emt 0:01:59] E06: Closed Catalan: Early deviations.} c5 12. Rad1 $146 (12. dxc5 Bxc5 13. cxd5 Nxd5 14. Nxd5 Bxd5 15. e4 Bb7 16. e5 h6 17. Rad1 Qe7 18. a3 {0-1 Alvarez Pampillon,A (1795)-Del Prado Rodriguez,X (2062) Pontevedra op 7th 2019 (3)}) 12... cxd4 13. Nxd4 {[%emt 0:00:31] The position is equal.} e5 14. Bxe5 Nxe5 $17 15. Nf5 (15. cxd5 $17 Bc5 (15... Nxd5 $2 16. Nf5 $18) 16. Nb3) 15... Bc5 $19 (15... Nxc4 16. Nxd5 Nxd5 (16... Bxd5 17. Bxd5 Nxd5 18. Qxc4 $16) 17. Bxd5 Bxd5 18. Rxd5 $18) 16. cxd5 g6 17. Na4 $2 {[%emt 0:02:16] [#]} (17. Nd4 {might work better.}) 17... gxf5 18. Nxc5 bxc5 19. Qxf5 Ng6 20. e4 Bc8 21. Qf3 (21. Qg5) 21... Bg4 22. Qc3 Bxd1 23. Rxd1 Re8 24. Re1 Qe7 25. e5 Nxe5 {[%emt 0:00:22][%cal Oe5f3] aiming for ...Nf3+!.} 26. d6 {[%emt 0:00:12] [#]} Nf3+ $1 27. Qxf3 (27. Bxf3 Qxe1+) 27... Qxe1+ 28. Bf1 Qe5 29. d7 Nxd7 30. Qg4+ Kh8 31. Qxd7 Rad8 32. Qxa7 Re7 33. Qb6 Rb8 34. Qh6 Qxb2 35. Bd3 f6 (35... Qxa2 36. Qxh7#) 36. g4 Rg7 37. h4 Rxg4+ {[%emt 0:00:24] Black mates.} 38. Kf1 Qa1+ ({Not} 38... Qxa2 39. Qxh7#) 39. Ke2 Rb2+ 40. Kf3 Qd1+ {[%emt 0:00:09] White did not feel at home in the position after the opening.   Weighted Error Value: White=0.85/Black=0.21 (precise)   Mistake:       	White=4     	---        Inaccurate:     	White=1     	Black=1      OK:         	White=2     	Black=4      Best:        	White=1     	Black=2} 0-1

[Event "Silves Open 2025"]
[Site "Fissul"]
[Date "2025.03.03"]
[Round "2.22"]
[White "Prata, Jose"]
[Black "Li, Leon"]
[Result "1-0"]
[Annotator "NA COMBH"]
[ECO "C27"]
[WhiteElo "1839"]
[BlackElo "1627"]
[PlyCount "113"]
[EventDate "2025.03.03"]
[EventType "swiss"]
[EventCountry "POR"]
[SourceTitle "playchess.com"]
[Source "ChessBase"]
[SourceQuality "1"]
[TimeControl "5400+30"]

1. e4 e5 2. Nc3 Nf6 3. Bc4 Bc5 4. d3 d6 5. Na4 Bb6 6. Nxb6 axb6 7. f4 exf4 8. Bxf4 Be6 9. Bxe6 fxe6 10. Nf3 e5 11. Bg5 O-O 12. O-O Nbd7 13. h3 h6 14. Be3 d5 15. exd5 Nxd5 16. Qe2 Qe7 17. a3 Rae8 18. Qd2 Kh7 19. Rae1 Qd6 20. c4 Nxe3 21. Qxe3 Qc5 22. b4 Qxe3+ 23. Rxe3 Rf6 24. Rfe1 Rfe6 25. Nd4 Rf6 26. Nf3 Rfe6 27. d4 e4 28. d5 R6e7 29. Nd4 Re5 30. Ne6 Rc8 31. Rxe4 Rxe4 32. Rxe4 Nf6 33. Re1 b5 34. cxb5 Nxd5 35. Rd1 Nc3 36. Rd7 Nxb5 37. Rxg7+ Kh8 38. a4 Nc3 39. Rxc7 Rxc7 40. Nxc7 Nxa4 41. Nd5 Kg7 42. Kf2 Kf7 43. Ke3 Ke6 44. Kd4 Kd6 45. Ne3 Kc6 46. g4 Kb5 47. Nd5 Nb2 48. h4 Nc4 49. g5 Nd2 50. gxh6 Nf3+ 51. Ke4 Nxh4 52. Nf4 Kxb4 53. h7 Ka3 54. h8=Q b5 55. Qc3+ Ka2 56. Nd3 Kb1 57. Qb2# 1-0

[Event "Silves Open 2025"]
[Site "Fissul"]
[Date "2025.03.03"]
[Round "2.23"]
[White "Ruiz Esteban, Ruben"]
[Black "De Kruif, Kees"]
[Result "0-1"]
[Annotator "NA COMBH"]
[ECO "B82"]
[WhiteElo "1655"]
[BlackElo "1857"]
[PlyCount "74"]
[EventDate "2025.03.03"]
[EventType "swiss"]
[EventCountry "POR"]
[SourceTitle "playchess.com"]
[Source "ChessBase"]
[SourceQuality "1"]
[TimeControl "5400+30"]

1. e4 c5 2. Nf3 d6 3. d4 cxd4 4. Nxd4 Nf6 5. Nc3 a6 6. f4 e6 7. Qf3 Nc6 8. Be3 Qc7 9. g4 Nxd4 10. Bxd4 e5 11. Be3 Bxg4 12. Qf2 Rc8 13. Be2 b5 14. a3 Be7 15. Rg1 Bxe2 16. Qxe2 g6 17. O-O-O Qc4 18. Qd3 O-O 19. fxe5 dxe5 20. Qxc4 Rxc4 21. Bg5 Re8 22. Bxf6 Bxf6 23. Rd6 Re6 24. Rxe6 fxe6 25. Kd2 Be7 26. Rg3 Kg7 27. Rd3 h5 28. Rd7 Rd4+ 29. Rxd4 exd4 30. Ne2 e5 31. Ng1 g5 32. Ke2 g4 33. h3 Kg6 34. Kf2 Bg5 35. b3 Be3+ 36. Kg2 Bxg1 37. Kxg1 Kg5 0-1

[Event "Silves Open 2025"]
[Site "Fissul"]
[Date "2025.03.03"]
[Round "2.25"]
[White "Kuegel, Tobias"]
[Black "Breitkopf, Ilian"]
[Result "1-0"]
[Annotator "TA"]
[ECO "C20"]
[WhiteElo "2423"]
[BlackElo "1671"]
[PlyCount "103"]
[EventDate "2025.03.03"]
[EventType "swiss"]
[EventCountry "POR"]
[SourceTitle "playchess.com"]
[Source "ChessBase"]
[SourceQuality "1"]
[TimeControl "5400+30"]

1. e4 e5 2. Bb5 c6 3. Ba4 Nf6 4. d3 d5 5. exd5 b5 6. Bb3 {C20: 1 e4 e5: Unusual White second moves.} cxd5 7. Bg5 $146 (7. Qe2 Nc6 8. Nc3 Be7 9. Nf3 O-O 10. Nxe5 Nxe5 11. Qxe5 Bb4 12. O-O Bd6 13. Qg5 {1-0 Ferreira,A (2221)-Glosehoff,O Internet Section 15-B blitz 2003 (1)}) 7... Bb7 8. Nf3 {The position is equal.} Qd6 {[#]} (8... Bb4+ $11 {keeps the balance.} 9. c3 Bd6) 9. O-O $1 $16 Be7 10. Re1 Nbd7 {[#]} 11. Nxe5 $1 O-O (11... Nxe5 12. Bf4) 12. d4 {White is more active.} Rfe8 13. Nd2 (13. Nc3 $18) 13... h6 14. Bf4 Qb6 15. c3 Nf8 (15... Nxe5 $16 16. Bxe5 (16. dxe5 Nd7 $16) 16... Bf8) 16. Ng4 (16. a4 $18) 16... Ng6 17. Bg3 a5 18. Nxf6+ Qxf6 19. a3 Nf4 20. Nf1 Rad8 21. Qd2 Ng6 22. Ne3 Bd6 (22... Qc6 {might work better.} 23. f4 Qc7) 23. Bxd5 $18 (23. Nxd5 Rxe1+ 24. Rxe1 Bxd5 25. Bxd5 Bxg3 26. Bxf7+ Qxf7 $15) 23... Rxe3 24. Bxb7 Rxe1+ 25. Rxe1 Bxg3 26. hxg3 Kf8 27. Qe2 Qb6 28. Be4 Re8 29. Qf1 Qe6 30. Re3 (30. Qxb5 f5 31. f3 (31. Qxf5+ $2 Qxf5 32. Bxf5 Rxe1+ 33. Kh2 Ne7 $19) 31... fxe4 32. Rxe4 Qc8 33. Rxe8+ (33. Qxa5 Rxe4 34. fxe4 Ne7 $18) 33... Qxe8 34. Qxa5 Ne7 $16) 30... Qb3 31. Bxg6 fxg6 32. Qe2 (32. Rxe8+ Kxe8 33. Qe2+ Kd8 $18) 32... Rxe3 33. fxe3 {[%cal Bf2e3,Be3e4,Be4e5][%mdl 4128] Endgame KQ-KQ. White is two pawns up.} ({And not} 33. Qxe3 Qd1+ 34. Kh2 Qh5+ 35. Kg1 Qd1+ 36. Kh2 Qh5+ 37. Kg1 Qd1+ $11) 33... b4 34. axb4 axb4 35. e4 Ke7 36. Qd2 Qe6 37. e5 ({Don't take} 37. cxb4 Qxe4 38. b5 Qb1+ 39. Kh2 Qf5 40. Qb4+ Kd7) 37... b3 (37... bxc3 $142 38. bxc3 (38. Qxc3 g5 $18) 38... Qg4) 38. Qd1 Qd5 39. Kh2 {Qf3 would now be deadly.} Kf7 40. Qf3+ Qxf3 41. gxf3 {KP-KP. White is two pawns up. White mates.} Ke6 42. f4 Kd5 43. Kg2 Ke6 44. Kf3 Kf5 45. c4 Ke6 46. d5+ Kd7 47. c5 Ke7 48. c6 Kd8 49. d6 Kc8 50. e6 Kd8 51. Kg4 h5+ 52. Kg5 {Weighted Error Value: White=0.23 (precise) /Black=0.65  Mistake:       	White=2     	Black=4      Inaccurate:     	---       	Black=3      OK:         	White=14    	Black=7      Best:        	White=1     	Black=1      Strong:       	White=1     	---} 1-0

[Event "Silves Open 2025"]
[Site "Fissul"]
[Date "2025.03.03"]
[Round "2.27"]
[White "Santos, Antonio P"]
[Black "Goncalves, Nuno Filipe Pocinho"]
[Result "1-0"]
[Annotator "TA"]
[ECO "A43"]
[WhiteElo "2209"]
[BlackElo "1731"]
[PlyCount "65"]
[EventDate "2025.03.03"]
[EventType "swiss"]
[EventCountry "POR"]
[SourceTitle "playchess.com"]
[Source "ChessBase"]
[SourceQuality "1"]
[TimeControl "5400+30"]

1. d4 c5 2. d5 e6 3. c4 a6 4. e4 g6 5. Nf3 Bg7 $146 (5... exd5 6. cxd5 d6 7. Be2 Bg7 8. h3 Nf6 9. Nc3 O-O 10. O-O Nbd7 11. Rb1 b5 {0-1 Major,B (1235)-Burton,S (1632) BCCA/Brz/2021}) 6. Bd3 {[%emt 0:00:30] A43: Schmid Benoni.} d6 7. O-O Nd7 8. dxe6 {[%emt 0:30:39] White is better.} fxe6 9. Nc3 Ne7 10. Bf4 Qc7 11. Bc2 $36 {[%mdl 2048] White is in control. White is more active.} Ne5 12. Bxe5 dxe5 13. Ba4+ Nc6 $1 14. Qd2 O-O 15. Bxc6 bxc6 {[%emt 0:00:30] [#] This costs Black the game.} (15... Qxc6 $16 16. Rfd1 Bf6) 16. Rad1 $18 Qe7 17. Qd6 Rf7 (17... Ra7 18. Qxe7 (18. Nxe5 $2 {loses.} Qxd6 19. Rxd6 Bxe5 $19) (18. Qxc6 g5 $18) 18... Rxe7) 18. Qxe7 ({Weaker is} 18. Qxc6 Rb8 19. b3 h6 $18) 18... Rxe7 19. Rd8+ Bf8 20. Rfd1 {[%emt 0:00:30] Inhibits Rd7.} Kf7 (20... Kg7 $142 21. Na4 (21. Nxe5 Rc7 $18) 21... Rb7 22. Nxe5 Be7) 21. Nxe5+ Kg7 22. Na4 Rc7 (22... Rb7 $142 23. Re8 (23. Nxc6 Rc7 $18) 23... Be7) 23. Nb6 Rb8 24. Nbd7 Be7 25. Nxb8 {[%emt 0:00:30] A dynamic duo of knights.} Bxd8 26. Rxd8 Kf6 27. f4 Bb7 28. Rf8+ Kg7 29. Nbd7 {[%emt 0:00:30] [#] Strongly threatening Rf7+.} Bc8 30. Rf7+ Kh6 31. g4 {[%emt 0:00:30][%cal Bg2g4,Bg4g5][%mdl 32] White mates.} Bxd7 32. g5+ Kh5 33. Rxh7# {[%emt 0:30:45] Weighted Error Value: White=0.26 (precise) /Black=1.05  Mistake:       	---       	Black=3      Inaccurate:     	White=3     	Black=3      OK:         	White=8     	Black=3      Best:        	White=1     	---        Strong:       	---       	Black=1} 1-0

[Event "Silves Open 2025"]
[Site "Fissul"]
[Date "2025.03.03"]
[Round "2.28"]
[White "Van Ree, Thailo"]
[Black "Custodio, Dinis"]
[Result "1-0"]
[Annotator "NA COMBH"]
[ECO "D07"]
[WhiteElo "1881"]
[BlackElo "1582"]
[PlyCount "49"]
[EventDate "2025.03.03"]
[EventType "swiss"]
[EventCountry "POR"]
[SourceTitle "playchess.com"]
[Source "ChessBase"]
[SourceQuality "1"]
[TimeControl "5400+30"]

1. d4 d5 2. Nf3 Nc6 3. c4 Nf6 4. Nc3 Bg4 5. cxd5 Bxf3 6. gxf3 Nb4 7. Qa4+ Qd7 8. Qxb4 b6 9. e4 e6 10. dxe6 Bxb4 11. exd7+ Nxd7 12. Bb5 O-O-O 13. a3 Be7 14. Nd5 Bf6 15. Be3 Rde8 16. Rc1 Bd8 17. Nxc7 Bxc7 18. Bf4 g5 19. Bd6 Rd8 20. Rxc7+ Kb8 21. Rxd7+ Kc8 22. Rc7+ Kb8 23. e5 f6 24. Ba6 fxe5 25. Rc8# 1-0

[Event "Silves Open 2025"]
[Site "Fissul"]
[Date "2025.03.03"]
[Round "2.29"]
[White "Almeida, Luis Eduardo dos Rei"]
[Black "Ryabukhina, Veronika"]
[Result "0-1"]
[Annotator "NA COMBH"]
[ECO "B13"]
[WhiteElo "1841"]
[BlackElo "1880"]
[PlyCount "52"]
[EventDate "2025.03.03"]
[EventType "swiss"]
[EventCountry "POR"]
[SourceTitle "playchess.com"]
[Source "ChessBase"]
[SourceQuality "1"]
[TimeControl "5400+30"]

1. e4 c6 2. d4 d5 3. exd5 cxd5 4. Bd3 Nf6 5. c3 g6 6. Nf3 Bg7 7. O-O O-O 8. Be3 Nc6 9. h3 b6 10. Qc1 Bb7 11. Re1 Rc8 12. a3 Na5 13. Qc2 Nc4 14. Nbd2 Qc7 15. Bg5 e6 16. Bxf6 Bxf6 17. Nxc4 dxc4 18. Be4 Bd5 19. Bxd5 exd5 20. Re2 Qd6 21. Rae1 b5 22. Qd2 a5 23. Ne5 h5 24. Qf4 Bg7 25. Nxg6 Qxg6 26. Re3 Bh6 0-1